 Dungeon Crawl Stone Soup version 0.29.0-4-gdea44cf6ec (webtiles) character file.

Game seed: 15083779089324508611

15 qw the Chopper (level 2, -1/17 HPs)
             Began as a Tengu Warper on Aug 28, 2022.
             Slain by Robin
             ... wielding a +0 spear
              (4 damage)
             ... on level 2 of the Dungeon.
             The game lasted 00:00:01 (154 turns).

qw the Chopper (Tengu Warper)                        Turns: 154, Time: 00:00:01

Health: -1/17      AC:  3    Str: 11    XL:     2   Next: 50%
Magic:  6/6        EV: 11    Int: 13    God:
Gold:   15         SH:  0    Dex: 13    Spells: 5/5 levels left

rFire   . . .      SeeInvis .   a - +0 hand axe
rCold   . . .      Faith    .   (no shield)
rNeg    . . .      Spirit   .   b - +0 leather armour
rPois   .          Reflect  .   (helmet restricted)
rElec   .          Harm     .   (no cloak)
rCorr   .          Rampage  .   (no gloves)
Will    .....                   (boots unavailable)
Stlth   +.........              (no amulet)
HPRegen 0.05/turn               (no ring)
MPRegen 0.10/turn               (no ring)

@: no status effects
A: beak, talons 3
a: no special abilities


You were on level 2 of the Dungeon.
You visited 1 branch of the dungeon, and saw 2 of its levels.

You collected 15 gold pieces.


Innate Abilities, Weirdness & Mutations

You have a beak for a mouth.
You have claws for feet.


   Skills:
 - Level 2.0 Fighting
 + Level 3.3 Axes
 - Level 1.0 Throwing
 - Level 1.1 Armour
 - Level 2.1 Dodging
 - Level 2.0 Spellcasting
 - Level 2.4 Translocations


You had 5 spell levels left.
You didn't know any spells.
Your spell library contained the following spells:

 Spells                   Type           Power      Damage    Failure   Level
 Blink                    Tloc           14%        N/A       19%         2
 Gell's Gravitas          Tloc           7%         N/A       36%         3
 Lesser Beckoning         Tloc           7%         N/A       36%         3
 Teleport Other           Tloc           7%         N/A       36%         3
 Manifold Assault         Tloc           7%         N/A       98%         5

Inventory:

Hand Weapons
 a - a +0 hand axe (weapon)
Armour
 b - a +0 leather armour (worn)
Scrolls
 c - a scroll of blinking

Dungeon Overview and Level Annotations

Branches:
Dungeon (1/15)

Altars:

Annotations:
D:2 Robin


Message History

You hit the goblin.
You kill the goblin!
Something hits you.
Your Axes skill increases to level 3!
You have reached level 2!
A goblin comes into view. It is wielding a +0 club.
The goblin shouts!
A worm comes into view.
The goblin misses you.
You see here a rat corpse.
You hit the goblin. You claw the goblin.
You kill the goblin!
A goblin comes into view. It is wielding a +0 dagger.
Things that are here:
a +0 club; a goblin corpse You hit the goblin.
The goblin is moderately wounded.
Something completely misses you. The goblin closely misses you.
You hit the goblin.
You kill the goblin!
Something hits you.
You slash the goblin!
You kill the goblin!
Something hits you. x2
The worm bites you.
A goblin comes into view. It is wielding a +0 dagger.
Things that are here:
a +0 dagger; a +0 club You hit the worm but do no damage.
You claw the worm. Your peck misses the worm.
The worm is moderately wounded.
The worm bites you.
You barely miss the worm. You claw the worm!
The worm is severely wounded.
You hit the worm. You claw the worm.
You kill the worm!
A goblin comes into view. It is wielding a +0 club.
The goblin goes into a battle-frenzy!
You hear a shout!
You barely miss the goblin. Your peck misses the goblin.
The goblin closely misses you. Something hits you.
You die...

.........##.#..#
.....##..##.#..#
..#.# #..##.#..#
..#. #..##.#..#
#.###........#
......####.##
..... #.#
......####.#
.....gg@){g#
.##..#####g# ...
#)# . ...gg...#
g..######


You could see 4 goblins.

Vanquished Creatures
  A worm (D:2)
  A bat (D:1)
  An endoplasm (D:2)
  4 goblins (D:2)
  2 hobgoblins
  A rat (D:2)
10 creatures vanquished.

Notes
Turn   | Place    | Note
-------+----------+-------------------------------------------
     0 | D:1      | qw the Tengu Warper began the quest for the Orb.
     0 | D:1      | Reached XP level 1. HP: 12/12 MP: 4/4
     0 | D:1      | 0 ||| qw: Version: 0.1-a-89-g26bdef1
     0 | D:1      | 0 ||| qw: Game counter: 3410
     0 | D:1      | 0 ||| qw: Always use a shield: true
     0 | D:1      | 0 ||| qw: God list: Okawaru
     0 | D:1      | 0 ||| qw: Allow faded altars: false
     0 | D:1      | 0 ||| qw: Do Orc after D:15 true
     0 | D:1      | 0 ||| qw: Do second Lair branch before Depths: true
     0 | D:1      | 0 ||| qw: Lair rune preference: random
     0 | D:1      | 0 ||| qw: Plans: Normal
     0 | D:1      | 0 ||| PLANNING D:1-11
    69 | D:1      | You fall into a shaft and drop 1 floor!
   129 | D:2      | 129 ||| Stepping ~*~*~tactically~*~*~ (stealth).
   132 | D:2      | 132 ||| Stepping ~*~*~tactically~*~*~ (stealth).
   141 | D:2      | Noticed Robin
   144 | D:2      | Reached skill level 3 in Axes
   144 | D:2      | Reached XP level 2. HP: 12/17 MP: 6/6
   149 | D:2      | HP: 4/17 [something (5)]
   154 | D:2      | Slain by Robin

Levels and vault maps discovered:
D:1:      lightli_molten_gateway, layout_loops_cross
D:2:      layout_basic, dreamdust_ecumenical_altar_hidden_monk_grotto,
          minmay_parallelograms, uniq_robin

Skill      XL: |  1 |
---------------+----+-----
Axes           | 3 |  3.3
Fighting       | |  2.0
Throwing       | |  1.0
Armour         | |  1.1
Dodging        | |  2.1
Spellcasting   | |  2.0
Translocations | |  2.4

Action                   || total
-------------------------++-------
Melee: Hand axe          ||    23
       Kick              ||     7
Throw: Boomerang         ||     7
Armor: Leather armour    ||     5
Dodge: Dodged            ||    16

Table legend:
 A = Non-vault XP
 B = Vault XP
 C = Vault XP percentage of total XP
 D = Non-vault monster count
 E = Vault monster count
 F = Vault count percentage of total count
                 A         B        C        D         E       F
            +---------+---------+-------+---------+---------+-------
      Total |      12 |      10 |  45.5 |       5 |       5 |  50.0
            +---------+---------+-------+---------+---------+-------
        D:1 |       4 |       0 |   0.0 |       2 |       0 |   0.0
        D:2 |       8 |      10 |  55.6 |       3 |       5 |  62.5
            +---------+---------+-------+---------+---------+-------
